 Dungeon Crawl Stone Soup version 0.17.2-1-ge4368a0 (webtiles) character file.

3968 hexophile the Covert (level 10, -23/77 HPs)
             Began as a Human Assassin on May 15, 2019.
             Was a Believer of Dithmenos.
             Annihilated by a shadow (34 damage)
             ... on level 9 of the Dungeon.
             The game lasted 00:21:05 (9658 turns).

hexophile the Covert (Human Assassin)               Turns: 9658, Time: 00:21:05

Health: -23/77     AC:  9    Str: 12    XL:     10   Next: 45%
Magic:  13/13      EV: 11    Int: 12    God:    Dithmenos [**....]
Gold:   284        SH:  0    Dex: 17    Spells: 0 memorised, 9 levels left

rFire  . . .     SeeInvis .     a - +3 dagger
rCold  . . .     Clarity  .     k - +3 leather armour
rNeg   . . .     SustAt   .     (no shield)
rPois  .         Gourm    .     (no helmet)
rElec  .         Spirit   .     d - +0 cloak
rCorr  .         Warding  .     i - +0 pair of gloves
rMut   .         Stasis   .     H - +0 pair of boots
MR     .....                    (no amulet)
Stlth  ++++++....               (no ring)
                                y - +3 ring of slaying

@: wreathed by umbra, not resistant to hostile enchantments, very stealthy
A: no striking features
a: Shadow Step, Renounce Religion


You were on level 9 of the Dungeon.
You worshipped Dithmenos.
Dithmenos was pleased with you.
You were not hungry.

You visited 1 branch of the dungeon, and saw 9 of its levels.
You also visited: Ossuary.

You collected 462 gold pieces.
You spent 178 gold pieces at shops.

Inventory:

Hand Weapons
 a - a +3 dagger (weapon)
 b - a +0 blowgun
 t - a +2 rapier
Missiles
 e - 21 poisoned needles
 f - 2 curare-tipped needles
 s - 4 needles of sleeping
 F - a throwing net (quivered) {+f}
Armour
 d - a +0 cloak (worn)
 i - a +0 pair of gloves (worn)
 k - a +3 leather armour (worn)
 H - a +0 pair of boots (worn)
 I - a +1 leather armour of cold resistance {rC+}
Jewellery
 l - an uncursed ring of positive energy {rN+}
 y - a +3 ring of slaying (left hand)
 Q - an uncursed ring of fire {rF+ rC-}
Wands
 E - a wand of fireball (0)
Scrolls
 c - a scroll of remove curse
 g - 2 scrolls of recharging
 h - a scroll of summoning {unknown}
 q - 3 scrolls of teleportation
 u - a scroll of noise {unknown}
 B - 2 scrolls of magic mapping
 C - 3 scrolls of blinking
 D - 3 scrolls of enchant armour
 L - a scroll of fear {unknown}
 M - 3 scrolls of enchant weapon
Potions
 j - 2 potions of curing
 m - 3 potions of might {Str+5 DMG+1d10}
 n - a potion of resistance {rF+ rC+ rPois rElec rCorr}
 o - a potion of degeneration {unknown}
 p - a potion of agility {unknown}
 v - 6 potions of heal wounds {unknown}
 A - a potion of magic
 G - 2 potions of haste {unknown}
 J - a potion of poison {unknown}
 K - a potion of brilliance {unknown}
Books
 O - a book of Alchemy

   Spells                             Type                      Level
   a - Sublimation of Blood           Necromancy                   2
   b - Ignite Poison                  Fire/Transmutation/Poison    3
   c - Alistair's Intoxication        Transmutation/Poison         4
   d - Condensation Shield            Ice                          4
   e - Petrify                        Transmutation/Earth          4
   f - Irradiate                      Conjuration/Transmutation    5
 P - a book of Callings

   Spells                             Type                      Level
   a - Summon Small Mammal            Summoning                    1
   b - Call Imp                       Summoning                    2
   c - Call Canine Familiar           Summoning                    3
   d - Summon Guardian Golem          Hexes/Summoning              3
   e - Summon Lightning Spire         Summoning/Air                4
   f - Summon Ice Beast               Ice/Summoning                4
Comestibles
 r - 4 bread rations
 w - 2 beef jerkies
 x - 2 slices of pizza
 z - 2 royal jellies
 N - 10 fruits


You had 9 spell levels left.
You didn't know any spells.


   Skills:
 - Level 6.5 Fighting
 + Level 7.1 Short Blades
 - Level 2.0 Throwing
 - Level 1.0 Dodging
 * Level 11.6 Stealth
 * Level 4.6 Invocations

Dungeon Overview and Level Annotations

Branches:
Dungeon (9/15)             Temple (0/1) D:6            Lair (0/8) D:8
    Orc: D:9-12

Altars:
Cheibriados
Dithmenos
Elyvilon
Fedhas
Gozag
Kikubaaqudgha
Nemelex Xobeh
Okawaru
Qazlal
Sif Muna
Xom
Yredelemnul
The Shining One

Shops:
D:4 [??!(

Annotations:
D:5 Pikel

Vault maps used:
D:1:      eino_arrival_druids_welcome
D:2:      serial_undead, serial_undead_a, serial_undead_a, serial_undead_a,
          serial_undead_b, serial_undead_c, serial_undead_e
D:3:      cheibriados_altar_1
D:4:      overflow_temple_1_default, grunt_dithmenos_shadows,
          nicolae_overflow_crystal_walls, grunt_temple_overflow_open,
          serial_shops, nicolae_shop_behind_doors, nicolae_shop_stone, shop,
          shop, shop, grunt_decor_one_mirror
D:5:      nicolae_ossuary_entry_monument, first_bread, basic_altar, tgw_trog,
          uniq_duvessa, uniq_pikel
D:6:      nicolae_overflow_hidden_temple
D:7:      lemuel_crystal_altar
D:8:      yredelemnul_forgotten_temple_becter, lair_0_dummy
D:9:      nicolae_qazlal_general_emergency, lemuel_doored_altar, serial_shops,
          kennysheep_little_box
Ossuary:  ossuary_due_small_catacomb
You       could see an ogre.


Message History

The shadow is moderately damaged.
You feel sick. The shadow misses you.
You lost 1 HP.
You have now: 40/77 HP.
You barely miss the shadow.
The shadow is moderately damaged.
You hit the shadow.
The shadow is moderately damaged.
The shadow slips into darkness.
The shadow flickers and vanishes!
Deactivating autopickup; reactivate with Ctrl-A.
You hit something but do no damage.
The shadow strikes at you from the darkness!
* * * LOW HITPOINT WARNING * * *
Reactivating autopickup.
You lost 30 HP.
You have now: 10/77 HP.
Things that are here:
a short sword of venom; an elf corpse You feel sick.
You see here a quokka corpse.
Drink which item? (? for menu, Esc to quit)
You feel better.
The shadow slips into darkness.
The shadow flickers and vanishes!
Deactivating autopickup; reactivate with Ctrl-A.
Restored 9 HP.
You have now: 19/77 HP.
You hit something.
The shadow strikes at you from the darkness!
* * * LOW HITPOINT WARNING * * *
Reactivating autopickup.
You lost 18 HP.
You have now: 1/77 HP.
An ogre comes into view. It is wielding a giant club.
The ogre shouts!
Drink which item? (? for menu, Esc to quit)
You feel better. The shadow misses you.
Restored 10 HP.
You have now: 12/77 HP.
The shadow slips into darkness.
The shadow flickers and vanishes!
Deactivating autopickup; reactivate with Ctrl-A.
The shadow strikes at you from the darkness!
* * * LOW HITPOINT WARNING * * *
Reactivating autopickup.
You lost 11 HP.
You have now: 3/77 HP.
Drink which item? (? for menu, Esc to quit)
You feel better.
The shadow slips into darkness.
The shadow flickers and vanishes!
Deactivating autopickup; reactivate with Ctrl-A.
Restored 6 HP.
You have now: 10/77 HP.
The shadow strikes at you from the darkness!
You die...

Action                   |  1- 3 |  4- 6 |  7- 9 | 10-12 || total
-------------------------+-------+-------+-------+-------++-------
Melee: Dagger            |    80 |   211 |   220 |   169 ||   680
       Rapier            |       |    20 |   302 |       ||   322
Throw: Throwing net      |       |       |     1 |       ||     1
Evoke: Wand              |       |       |     3 |     1 ||     4
  Use: Scroll            |     5 |     3 |    15 |       ||    23
       Potion            |       |       |     5 |     6 ||    11
 Stab: Sleeping          |     4 |    10 |    38 |     6 ||    58
       Distracted        |       |       |     2 |       ||     2
       Held in net/web   |       |       |     1 |       ||     1
  Eat: Chunk             |     1 |     6 |    15 |     5 ||    27
       Fruit             |       |       |     2 |       ||     2

Notes
Turn   | Place    | Note
--------------------------------------------------------------
     0 | D:1      | hexophile the Human Assassin began the quest for the Orb.
     0 | D:1      | Reached XP level 1. HP: 16/16 MP: 1/1
   335 | D:1      | Reached XP level 2. HP: 19/22 MP: 2/2
   842 | D:2      | Reached XP level 3. HP: 13/27 MP: 3/3
  1187 | D:2      | Reached skill level 5 in Stealth
  1187 | D:2      | Reached XP level 4. HP: 29/33 MP: 4/4
  1790 | D:3      | Reached skill level 3 in Short Blades
  1943 | D:3      | Reached XP level 5. HP: 39/39 MP: 5/5
  2182 | D:3      | Reached skill level 6 in Stealth
  2182 | D:3      | Reached XP level 6. HP: 31/46 MP: 6/6
  2305 | D:3      | Reached skill level 3 in Fighting
  2798 | D:3      | Found a snail-covered altar of Cheibriados.
  2965 | D:4      | Found a blossoming altar of Fedhas.
  2965 | D:4      | Found an opulent altar of Gozag.
  2965 | D:4      | Found a deep blue altar of Sif Muna.
  2970 | D:4      | Reached XP level 7. HP: 52/52 MP: 7/7
  2988 | D:4      | Reached skill level 4 in Short Blades
  3056 | D:4      | Found a white marble altar of Elyvilon.
  3063 | D:4      | Reached skill level 7 in Stealth
  3165 | D:4      | Found Ibry's Magic Scroll Boutique.
  3165 | D:4      | Found Acupan's Magic Scroll Shoppe.
  3173 | D:4      | Bought a scroll of enchant weapon for 97 gold pieces
  3173 | D:4      | Bought a scroll of magic mapping for 45 gold pieces
  3215 | D:4      | Found Milaaf's Antique Armour Emporium.
  3305 | D:4      | Found an ancient bone altar of Kikubaaqudgha.
  3355 | D:4      | Found Gokkopni's Distillery.
  3415 | D:4      | Bought a potion of curing for 36 gold pieces
  3579 | D:4      | Noticed an ice beast
  3605 | D:4      | Killed an ice beast
  3605 | D:4      | Reached skill level 4 in Fighting
  3720 | D:4      | Found Quket's Antique Weapon Shoppe.
  3790 | D:4      | Found a glowing golden altar of the Shining One.
  3814 | D:4      | Reached XP level 8. HP: 52/60 MP: 8/8
  3988 | D:4      | Found a shadowy altar of Dithmenos.
  3994 | D:4      | Became a worshipper of Dithmenos the Shadowed
  4072 | D:5      | Entered Level 5 of the Dungeon
  4101 | D:5      | Found a stormy altar of Qazlal.
  4110 | D:5      | Found a sand-covered staircase.
  4121 | Ossuary  | Entered an ossuary
  4181 | Ossuary  | Reached skill level 8 in Stealth
  4241 | Ossuary  | Reached * piety under Dithmenos
  4726 | D:5      | Noticed Pikel
  5103 | D:5      | Noticed Duvessa
  5103 | D:5      | Noticed Dowan
  5119 | D:5      | Reached skill level 5 in Short Blades
  5214 | D:5      | Killed Duvessa
  5214 | D:5      | Reached skill level 5 in Fighting
  5222 | D:5      | Killed Dowan
  5222 | D:5      | Reached skill level 9 in Stealth
  5458 | D:6      | Found a staircase to the Ecumenical Temple.
  5813 | D:6      | Reached XP level 9. HP: 66/68 MP: 9/9
  6105 | D:6      | Found an iron altar of Okawaru.
  6361 | D:7      | Gained mutation: You are clumsy. (Dex -2) [potion of mutation]
  6361 | D:7      | Gained mutation: You are surrounded by a mild repulsion field (EV +2). [potion of mutation]
  6361 | D:7      | Gained mutation: You are partially covered in rugged brown scales (AC +1, +3% HP). [potion of mutation]
  6362 | D:7      | Gained mutation: Your flesh is heat resistant. [potion of mutation]
  6362 | D:7      | Gained mutation: Your body sometimes deteriorates upon taking damage. [potion of mutation]
  6362 | D:7      | Gained mutation: Armour fits poorly on your strangely shaped body. [potion of mutation]
  6363 | D:7      | Lost mutation: Armour fits poorly on your strangely shaped body. [potion of cure mutation]
  6363 | D:7      | Lost mutation: Your flesh is heat resistant. [potion of cure mutation]
  6363 | D:7      | Lost mutation: You are clumsy. (Dex -2) [potion of cure mutation]
  6363 | D:7      | Lost mutation: You are partially covered in rugged brown scales (AC +1, +3% HP). [potion of cure mutation]
  6363 | D:7      | Lost mutation: Your body sometimes deteriorates upon taking damage. [potion of cure mutation]
  6363 | D:7      | Lost mutation: You are surrounded by a mild repulsion field (EV +2). [potion of cure mutation]
  6423 | D:7      | Reached ** piety under Dithmenos
  6475 | D:7      | Reached skill level 10 in Stealth
  6516 | D:7      | Reached skill level 6 in Fighting
  6516 | D:7      | Reached skill level 6 in Short Blades
  7292 | D:7      | Found a shimmering altar of Xom.
  7571 | D:8      | Found a staircase to the Lair.
  8113 | D:8      | Was placed under penance by Dithmenos
  8115 | D:8      | Reached skill level 1 in Invocations
  8175 | D:8      | Found a basalt altar of Yredelemnul.
  8336 | D:8      | Noticed a shadow demon
  8344 | D:8      | Noticed a red devil
  8352 | D:9      | Reached XP level 10. HP: 77/77 MP: 9/11
  8555 | D:9      | Found a stormy altar of Qazlal.
  8577 | D:9      | Reached skill level 11 in Stealth
  8577 | D:9      | Reached skill level 2 in Invocations
  8605 | D:9      | Was forgiven by Dithmenos
  8635 | D:9      | Reached skill level 3 in Invocations
  8738 | D:9      | HP: 2/77 [orc (5)]
  9116 | D:9      | Reached skill level 4 in Invocations
  9122 | D:9      | Reached skill level 7 in Short Blades
  9229 | D:9      | Found a sparkling altar of Nemelex Xobeh.
  9258 | D:9      | Was placed under penance by Dithmenos
  9264 | D:9      | Was forgiven by Dithmenos
  9637 | D:9      | HP: 1/77 [something (18)]
  9652 | D:9      | HP: 3/77 [something (11)]
  9658 | D:9      | Annihilated by a shadow

Table legend:
 A = Turns spent in this place as a percentage of turns spent in the entire game.
 B = Non-inter-level travel turns spent in this place as a percentage of non-inter-level travel turns spent in the entire game.
 C = Inter-level travel turns spent in this place as a percentage of turns spent in this place.
 D = Turns resting spent in this place as a percentage of non-inter-level travel turns spent in this place.
 E = Turns spent auto-exploring this place as a percentage of non-inter-level travel turns spent in this place.
 F = Non-inter-level travel turns spent in this place divided by the number of levels of this place that you've seen.
                   A       B       C       D       E      F
               +-------+-------+-------+-------+-------+----------------------
         Total | 100.0 | 100.0 |   0.2 |   2.7 |   6.8 | 368.2
       Dungeon |  90.9 |  90.9 |   0.3 |   2.9 |   7.2 | 371.8
       Ossuary |   9.1 |   9.1 |   0.0 |   0.6 |   2.4 | 336.0
               +-------+-------+-------+-------+-------+----------------------

Table legend:
 A = Kills in this place as a percentage of kills in entire the game.
 B = Kills by you in this place as a percentage of kills by you in the entire game.
 C = Kills by friends in this place as a percentage of kills by friends in the entire game.
 D = Other kills in this place as a percentage of other kills in the entire game.
 E = Experience gained in this place as a percentage of experience gained in the entire game.
 F = Experience gained in this place divided by the number of levels of this place that you have seen.
                   A       B       C       D       E      F
               +-------+-------+-------+-------+-------+----------------------
         Total | 100.0 | 100.0 |  -nan |  -nan | 100.0 | 566.9
       Dungeon |  85.8 |  85.8 |  -nan |  -nan |  95.5 | 601.7
       Ossuary |  14.2 |  14.2 |  -nan |  -nan |   4.5 | 254.0
               +-------+-------+-------+-------+-------+----------------------

Vanquished Creatures
  A shadow (D:9)
  2 wyverns
  A deep elf mage (D:9)
  A hungry ghost (D:8)
  A hippogriff (D:9)
  Duvessa (D:5)
  A sky beast (D:7)
  4 ogres
  2 slaves
  An orc warrior (D:9)
  A black bear (D:6)
  A centaur (D:9)
  5 ice beasts
  A phantom (D:7)
  A crocodile (D:8)
  A giant frog (D:9)
  Dowan (D:5)
  2 wyvern skeletons
  A scorpion (D:7)
  6 killer bees (D:9)
  3 wights (D:3)
  A crimson imp (D:7)
  A jelly (D:7)
  4 hounds
  4 orc priests
  4 orc wizards
  5 worker ants
  An iguana (D:5)
  A hound skeleton (D:6)
  2 worker ant zombies
  13 mummies (Ossuary)
  5 gnolls
  15 adders
  5 shadow imps
  2 adder zombies (D:2)
  2 adder skeletons
  A worm (D:2)
  24 orcs
  5 bats
  A bat skeleton (D:2)
  6 giant cockroaches
  9 hobgoblins
  11 jackals
  7 kobolds
  8 quokkas
  3 ball pythons
  2 giant geckos
  A giant gecko skeleton (D:6)
  2 giant gecko zombies
  7 giant newts
  2 gnoll skeletons (Ossuary)
  6 goblins
  2 goblin skeletons (Ossuary)
  A jackal skeleton (D:2)
  3 kobold skeletons (Ossuary)
  An orc skeleton (Ossuary)
  12 rats
  11 rat skeletons (Ossuary)
  A spectral orc (D:8)
229 creatures vanquished.
